 Dungeon Crawl Stone Soup version 0.31-a0-472-g43a2ca8e1b (webtiles) character file.

Game seed: 3278175877815474912

19337 Ethylacetat the Mimic (level 12, -11/99 HPs)
             Began as an Octopode Shapeshifter on Aug 5, 2023.
             Was an Initiate of Gozag.
             Mangled by an azure jelly (33 damage)
             ... in an ice cave on Aug 6, 2023.
             The game lasted 00:43:08 (11628 turns).

Ethylacetat the Mimic (Octopode Shapeshifter)      Turns: 11628, Time: 00:43:10

Health: -11/99     AC: 16    Str: 23    XL:     12   Next: 67%
Magic:  12/12      EV:  9    Int: 14    God:    Gozag
Gold:   679        SH:  0    Dex: 19    Spells: 11/11 levels left

rFire   + +          +
                       - Unarmed
rCold   . . .        (shield currently unavailable)
rNeg    + . .        (helmet currently unavailable)
rPois   +            r - amulet of regeneration
rElec   .            h - ring of poison resistance
rCorr   .            o - ring of protection from fire
SInv    .            C - +4 ring of protection
Will    .....        p - ring of positive energy
Stlth   ++           w - ring of protection from fire
HPRegen 1.16/turn    G - ring of protection from cold
MPRegen 0.13/turn    (no ring)
                     (no ring)

%: no passive effects
@: short of breath, dragon-form, flying, hasted, invisible, very quick
A: dragon claw, dragon scales, breathe fire, flying, boosted hp, almost no
armour, amphibious, 8 rings, giant, (camouflage 1), (gelatinous body 1), (nimble
swimmer 1), (tentacles), agile 1, clever 1, sense surroundings 1
a: Breathe Fire, Begin Untransformation, Renounce Religion, Potion Petition,
Call Merchant, Bribe Branch


You were in an ice cave.
You worshipped Gozag.
Gozag was pleased with you.
You were a fearsome dragon!
You visited 2 branches of the dungeon, and saw 13 of its levels.
You also visited: Bailey and Ice Cave.

You collected 2548 gold pieces.
You spent 1749 gold pieces at shops.
You paid 120 gold pieces to Gozag.

Inventory:

Jewellery
 h - a ring of poison resistance (left foreclaw)
 o - a ring of protection from fire (right foreclaw)
 p - a ring of positive energy (on tentacle)
 r - an amulet of regeneration (around neck)
 w - a ring of protection from fire (on tentacle)
 C - a +4 ring of protection (on tentacle)
 G - a ring of protection from cold (on tentacle)
Talismans
 b - a beast talisman
 c - a serpent talisman
 t - a dragon-blood talisman (active)
 y - a talisman of death
Wands
 x - a wand of digging (4)
Scrolls
 d - a scroll of noise
 f - 10 scrolls of identify
 j - 3 scrolls of immolation
 l - a scroll of fear
 m - a scroll of acquirement
 u - 6 scrolls of teleportation
 H - a scroll of fog
Potions
 a - 2 potions of lignification
 e - 2 potions of might
 g - a potion of magic
 i - a potion of heal wounds {unknown}
 n - a potion of brilliance
 q - 5 potions of mutation
 s - a potion of haste
 D - a potion of curing
 E - a potion of degeneration {unknown}
 I - 2 potions of attraction {unknown}
Miscellaneous
 z - a lightning rod (4/4)
 A - a sack of spiders (inert)
 B - a condenser vane (inert)


   Skills:
 + Level 10.4 Fighting
 - Level 3.3 Dodging
 + Level 10.9 Unarmed Combat
 * Level 12.5 Shapeshifting


You had 11 spell levels left.
You didn't know any spells.
Your spell library contained the following spells:

 Spells                   Type           Power      Damage    Failure   Level
 Freeze                   Ice            0%         1d3       28%         1
 Magic Dart               Conj           0%         1d3       28%         1
 Sandblast                Erth           0%         2d4       28%         1
 Shock                    Conj/Air       0%         1d3       28%         1
 Passwall                 Tmut/Erth      0%         N/A       41%         2
 Searing Ray              Conj           0%         2d4       41%         2
 Sublimation of Blood     Necr           0%         N/A       41%         2
 Stone Arrow              Conj/Erth      0%         3d7       65%         3
 Swiftness                Air            0%         N/A       65%         3
 Tukima's Dance           Hex            0%         N/A       65%         3
 Airstrike                Air            0%         2d(0-16)  96%         4
 Fulminant Prism          Conj/Hex       0%         3d5       96%         4
 Passage of Golubria      Tloc           0%         N/A       96%         4
 Petrify                  Tmut/Erth      0%         N/A       96%         4
 Irradiate                Conj/Tmut      0%         3d11      100%        5
 Yara's Violent Unravell  Hex/Tmut       0%         3d3       100%        5
 Haunt                    Necr/Summ      0%         N/A       100%        7
 Ozocubu's Refrigeration  Ice            0%         4d7       100%        7
 Borgnjor's Revivificati  Necr           0%         N/A       100%        8
 Death's Door             Necr           0%         N/A       100%        9
 Polar Vortex             Ice            0%         N/A       100%        9
 Simulacrum               Ice/Necr       Unusable   N/A       N/A         6

Dungeon Overview and Level Annotations

Branches:
Dungeon (12/15)            Temple (1/1) D:5            Lair (0/5) D:10
    Orc (0/2) D:10         Bailey (visited)           IceCv (1/1)

Altars:
Ashenzari
Cheibriados
Dithmenos
Elyvilon
Fedhas
Gozag
Hepliaklqana
Kikubaaqudgha
Makhleb
Nemelex Xobeh
Okawaru
Qazlal
Ru
Sif Muna
Trog
Uskayaw
Vehumet
Wu Jian
Xom
Yredelemnul
Zin
The Shining One

Shops:
D:9 *   D:10 *   D:12 =

Annotations:
D:3 1 transporter


Innate Abilities, Weirdness & Mutations

You are a fearsome dragon!
You have a powerful clawing attack.
Your giant scaled body is strong and resiliant, but less evasive.
You can breathe fire.
You are flying.
Your maximum health is increased.
Your armour is entirely melded.
You are incapable of wielding weapons or throwing items.
You cannot wear most types of armour.
You are amphibious.
You can wear up to eight rings at the same time.
((Your skin changes colour to match your surroundings (Stealth+).))
((Your rubbery body absorbs attacks. (AC +1, EV +1)))
((You are camouflaged when in or above water. (Stealth+)))
((You have tentacles for arms and can constrict up to eight enemies at once.))
You are agile. (Dex +4, Str/Int -1)
Your mind is acute. (Int +4, Str/Dex -1)
You passively map a small area around you.


Message History

The azure jelly quivers.
The azure jelly attacks as you move away!
The azure jelly hits you. The azure jelly freezes you!!
The azure jelly hits you but does no damage.
The azure jelly closely misses you. The azure jelly barely misses you.
The azure jelly hits you but does no damage. x2
The azure jelly hits you. x2
Okay, then.
You closely miss the azure jelly.
You tail-slap the azure jelly, but do no damage.
You bite the azure jelly, but do no damage.
The azure jelly closely misses you. The azure jelly hits you.
The azure jelly freezes you!! The azure jelly barely misses you.
The azure jelly hits you but does no damage.
You fade into invisibility!
The azure jelly hits you but does no damage. x2
The azure jelly barely misses you.
The azure jelly hits you but does no damage.
Aiming: Breathe Fire (0% risk of failure)
Press: ? - help, Shift-Dir - straight line, f - azure jelly
Aim: an azure jelly (76% to hit)
You breathe a blast of fire.
The fiery breath hits the azure jelly!!!
The azure jelly is burned terribly!
The azure jelly is heavily wounded.
The azure jelly hits you. The azure jelly freezes you!!
* * * LOW HITPOINT WARNING * * *
The azure jelly hits you but does no damage.
The azure jelly closely misses you. The azure jelly hits you.
* * * LOW HITPOINT WARNING * * *
You feel yourself speed up.
The azure jelly hits you but does no damage. x4
You barely miss the azure jelly. You tail-slap the azure jelly.
You claw the azure jelly!!
The azure jelly is severely wounded.
The azure jelly hits you.
* * * LOW HITPOINT WARNING * * *
The azure jelly freezes you!!
You die...
Your body crumbles into a pile of gold.

###########
###.........### #. ,
###.............# *... ,
##......###.....####....
#.....####☼JD..###.....#
, #....##
#......#........
#.....####.............#
##.......##########.J...
##........#######* ...,,
####...........######.,
, ##...............###
###########.......###
########### ###.......#


You could see an azure jelly.

Vanquished Creatures
  An azure jelly (IceCv)
  A boulder beetle (D:11)
  A skeletal warrior (D:7)
  A necromancer (D:9)
  An orc knight (Bailey)
  2 gargoyles (D:10)
  2 kobold demonologists
  2 ice statues (IceCv)
  An unseen horror (D:11)
  3 trolls
  4 hornets
  Sigmund (D:2)
  22 slime creatures
  A vampire (D:11)
  16 yaks
  An acid dragon (D:10)
  2 water moccasins
  An ice beast (D:7)
  15 orc warriors
  2 great orb of eyes simulacra (IceCv)
  A sky beast (D:7)
  3 black bears
  3 centaurs
  2 ogres
  A phantom (D:8)
  2 slime creature simulacra (IceCv)
  2 kobold brigands
  A gnoll sergeant (D:5)
  A bullfrog (D:6)
  4 scorpions
  6 killer bees
  4 electric eels (Bailey)
  6 howler monkeys
  2 jellies
  10 orc priests
  3 gnoll boudas
  5 hounds
  3 iguanas
  10 orc wizards
  3 polar bear simulacra (D:9)
  3 shapeshifter simulacra (IceCv)
  3 yak simulacra (D:9)
  2 wolf simulacra (D:9)
  20 gnolls
  5 adders
  A shadow imp (D:7)
  4 white imps
  4 ufetubi
  A worm (D:2)
  A dart slug (D:3)
  66 orcs
  9 endoplasms
  5 giant cockroaches
  7 goblins
  9 hobgoblins
  6 jackals (D:1)
  19 kobolds
  14 ball pythons
  6 bats
  A frilled lizard (D:1)
  4 rats (D:1)
  3 river rat simulacra (D:9)
345 creatures vanquished.

Vanquished Creatures (collateral kills)
  An orc sorcerer (Bailey)
  A slime creature (IceCv)
  An orc warrior (Bailey)
3 creatures vanquished.

Grand Total: 348 creatures vanquished

Notes
Turn   | Place    | Note
-------+----------+-------------------------------------------
     0 | D:1      | Ethylacetat the Octopode Shapeshifter began the quest for
                  | the Orb.
     0 | D:1      | Reached XP level 1. HP: 13/13 MP: 1/1
    75 | D:1      | Reached XP level 2. HP: 18/18 MP: 2/2
   345 | D:1      | Reached XP level 3. HP: 23/23 MP: 3/3
  1552 | D:2      | Found a shimmering altar of Xom.
  1730 | D:2      | Noticed Sigmund
  1740 | D:2      | Killed Sigmund
  1741 | D:2      | Reached XP level 4. HP: 25/30 MP: 4/4
  1741 | D:2      | Reached XP level 5. HP: 29/35 MP: 5/5
  1895 | D:3      | Identified the +1 robe "Anlintud" {rPois}
  1965 | D:3      | Found an ancient bone altar of Kikubaaqudgha.
  1965 | D:3      | Found a blossoming altar of Fedhas.
  1990 | D:3      | Found a glowing golden altar of the Shining One.
  2134 | D:3      | Reached XP level 6. HP: 39/41 MP: 6/6
  2423 | D:3      | Found a sparkling altar of Nemelex Xobeh.
  2423 | D:3      | Found a transporter.
  2469 | D:3      | Found a faded altar of an unknown god.
  2875 | D:4      | Reached skill level 4 in Shapeshifting
  3097 | D:4      | Noticed a black bear
  3106 | D:4      | Killed a black bear
  3228 | D:4      | Reached XP level 7. HP: 22/46 MP: 7/7
  3790 | D:4      | Reached skill level 5 in Shapeshifting
  3803 | D:5      | Entered Level 5 of the Dungeon
  3807 | D:5      | Reached skill level 5 in Unarmed Combat
  3908 | D:5      | Reached XP level 8. HP: 28/54 MP: 8/8
  4026 | D:5      | Found a staircase to the Ecumenical Temple.
  4113 | D:5      | Reached skill level 6 in Shapeshifting
  4759 | D:6      | Found a shimmering altar of Xom.
  4837 | D:6      | Reached skill level 5 in Fighting
  4970 | D:6      | Found a hazy altar of Hepliaklqana.
  4971 | D:6      | Found a white marble altar of Elyvilon.
  4973 | D:6      | Found a snail-covered altar of Cheibriados.
  5157 | Temple   | Entered the Ecumenical Temple
  5166 | Temple   | Became a worshipper of Gozag Ym Sagoz the Greedy
  5532 | D:7      | Reached XP level 9. HP: 51/61 MP: 9/9
  5548 | D:7      | Reached skill level 7 in Shapeshifting
  5887 | D:7      | Noticed a kobold demonologist
  5895 | D:7      | Killed a kobold demonologist
  5903 | D:7      | Identified the +1 rapier of Imminent Death {freeze, rElec}
  5914 | D:7      | Noticed a troll
  5918 | D:7      | Killed a troll
  5919 | D:7      | Reached skill level 8 in Shapeshifting
  5919 | D:7      | Noticed a skeletal warrior
  5919 | D:7      | Identified the +1 trident of Zocvapp {protect, Fly rElec
                  | Str+4}
  5934 | D:7      | Gained mutation: You have hidden genetic potential. [potion
                  | of mutation]
  5934 | D:7      | Gained mutation: You are agile. (Dex +4, Str/Int -1)
                  | [potion of mutation]
  5944 | D:7      | Killed a skeletal warrior
  5945 | D:7      | Reached XP level 10. HP: 13/71 MP: 10/10
  6041 | D:7      | HP: 4/83 [troll (4)]
  6783 | D:8      | Reached skill level 9 in Shapeshifting
  7041 | D:8      | Found a shadowy altar of Dithmenos.
  7198 | D:8      | Gained mutation: Your mind is acute. (Int +4, Str/Dex -1)
                  | [hidden potential]
  7437 | D:9      | Found Xaczasar's Assorted Antiques.
  7467 | D:9      | Bought a blue potion for 25 gold pieces
  7467 | D:9      | Bought a scroll of teleportation for 84 gold pieces
  7467 | D:9      | Bought a potion of haste for 280 gold pieces
  7651 | D:9      | Found a flagged portal.
  7706 | Bailey   | Entered a bailey
  8191 | Bailey   | Reached skill level 10 in Shapeshifting
  8191 | Bailey   | Reached XP level 11. HP: 70/77 MP: 11/11
  8353 | Bailey   | Found an iron altar of Okawaru.
  8353 | Bailey   | Noticed an orc sorcerer
  8378 | Bailey   | Killed an orc sorcerer
  8661 | Bailey   | Noticed an orc knight
  8670 | Bailey   | Killed an orc knight
  9086 | D:9      | Noticed a necromancer
  9091 | D:9      | Killed a necromancer
  9652 | D:10     | Entered Level 10 of the Dungeon
  9652 | D:10     | Found a staircase to the Orcish Mines.
  9694 | D:10     | Found Dish's Wicked Wares.
  9740 | D:10     | Reached skill level 11 in Shapeshifting
  9800 | D:10     | Found a staircase to the Lair.
 10600 | D:11     | Noticed a boulder beetle
 10607 | D:11     | Killed a boulder beetle
 10608 | D:11     | Reached skill level 10 in Unarmed Combat
 10803 | D:11     | Found a shimmering blue altar of Sif Muna.
 10832 | D:11     | Reached XP level 12. HP: 86/86 MP: 12/12
 10836 | D:11     | Got Sif Muna's Encyclopedia of Freezing
 11182 | D:12     | Found Zumir's Jewellery Shop.
 11190 | D:12     | Bought a dragon-blood talisman for 1360 gold pieces
 11241 | D:12     | Found a frozen archway.
 11250 | IceCv    | Entered an ice cave
 11397 | IceCv    | Gained mutation: You passively map a small area around you.
                  | [hidden potential]
 11397 | IceCv    | Lost mutation: You have hidden genetic potential. [hidden
                  | potential expressed]
 11468 | IceCv    | Reached skill level 10 in Fighting
 11472 | IceCv    | Reached skill level 12 in Shapeshifting
 11594 | IceCv    | Noticed an azure jelly
 11595 | IceCv    | Noticed an azure jelly
 11612 | IceCv    | Killed an azure jelly
 11628 | IceCv    | Mangled by an azure jelly

Illustrated notes

Levels and vault maps discovered:
D:1:      mrwooster_arrival_statue_2, layout_basic, serial_corexii_hall,
          corexii_hall_statues_l, corexii_hall_statues_x,
          grunt_decor_resistance, minmay_pentomino_u4
D:2:      layout_basic, basic_altar, uniq_sigmund
D:3:      layout_loops_corners, grunt_nemelex_the_gamble,
          grunt_temple_overflow_open, dilly_ecumenical_altar_fadedgnrine,
          kennysheep_generic_room_12
D:4:      layout_basic
D:5:      layout_loops_cross, minmay_temple_entry_from_below_b
D:6:      layout_loops_ring, chequers_temple_overflow_statue_of_worship,
          amcnicky_altar_gilded, mainiacjoe_overflow_boulevard
D:7:      minmay_the_grid_square_5x5_3x3 [minmay_the_grid_square_5x5_tri_point,
          minmay_the_grid_square_5x5_inner_z,
          minmay_the_grid_square_5x5_trominoes,
          minmay_the_grid_square_5x5_beaten_path,
          minmay_the_grid_square_5x5_megaprize_diamond,
          minmay_the_grid_square_5x5_comb, minmay_the_grid_square_5x5_minibox,
          minmay_the_grid_square_5x5_hourglass, minmay_the_grid_square_5x5_six],
          layout_basic
D:8:      layout_loops_ring, grunt_dithmenos_shadows
D:9:      layout_basic, enter_bailey_2, serial_shops, shop,
          eino_house_with_fridge
D:10:     layout_long_grid, lair_entry_dummy, orc_0_dummy, special_room
          [special_room_orc], corner_web_ring, nicolae_evil_shop
D:11:     layout_loops_ring, led_sif_book
D:12:     layout_grid_maze, serial_shops, shop, nicolae_shop_tiny_statue_garden,
          nicolae_shop_tiny_waterfront, nicolae_shop_just_a_little_nook, shop,
          portal_ice_cave_entry_pillars_2, uniq_frances, uniq_nessos,
          uniq_fannar
Temple:   compressed_dpeg_triangle_lava_temple
IceCv:    ice_cave_hellmonk_azure_passage

Skill      XL: |  1  2  3  4  5  6  7  8  9 10 11 12 |
---------------+-------------------------------------+-----
Fighting       | 2 3 4 5 7 8 9 10 | 10.4
Dodging        | 3 |  3.3
Unarmed Combat | 4 5 6 7 8 10 | 10.9
Shapeshifting  | 4 5 6 8 10 11 12 | 12.5

Action                     |  1- 3 |  4- 6 |  7- 9 | 10-12 || total
---------------------------+-------+-------+-------+-------++-------
  Melee: Unarmed           |    73 |    46 |   210 |   444 ||   773
         Constrict         |    16 |    14 |    50 |    87 ||   167
         Tentacles         |    12 |     4 |       |       ||    16
         Punch             |     1 |       |       |     8 ||     9
         Tailslap          |       |       |       |    15 ||    15
         Bite              |       |       |       |    10 ||    10
Ability: Breathe Fire      |       |       |       |     6 ||     6
  Evoke: Wand              |       |     2 |    16 |    22 ||    40
         Condenser vane    |       |       |       |     3 ||     3
         Lightning rod     |       |       |       |     3 ||     3
    Use: Potion            |       |       |     4 |     8 ||    12
         Scroll            |       |       |       |     9 ||     9
   Stab: Sleeping          |    10 |     7 |       |     1 ||    18
         Paralysed         |       |       |    10 |    11 ||    21
         Invisible         |       |       |     4 |     1 ||     5
         Distracted        |       |       |       |     8 ||     8
         Confused          |       |       |       |     2 ||     2
 Armour: Skin              |     7 |     9 |    65 |   140 ||   221
  Dodge: Dodged            |    50 |    14 |    81 |   146 ||   291
   Form: Anaconda          |       |     1 |       |       ||     1
         Dragon            |       |       |       |     1 ||     1

Table legend: (Time is in decaauts)
 A = Elapsed time spent in this place.
 B = Non-inter-level travel time spent in this place.
 C = Inter-level travel time spent in this place.
 D = Time resting spent in this place.
 E = Time spent auto-exploring this place.
 F = Levels seen in this place.
 G = Mean time per level.
                   A        B        C        D        E       F      G
               +--------+--------+--------+--------+--------+-----+--------+
         Total |  11506 |  10980 |    526 |   1107 |   7132 |  15 |  767.1 |
       Dungeon |  10076 |   9558 |    518 |    739 |   6877 |  12 |  839.7 |
        Temple |     18 |     10 |      8 |      0 |      0 |   1 |   18.0 |
        Bailey |   1050 |   1050 |      0 |    353 |    202 |   1 | 1050.0 |
      Ice Cave |    360 |    360 |      0 |     14 |     53 |   1 |  360.0 |
               +--------+--------+--------+--------+--------+-----+--------+

Top non-repeatable levels by time:
     D:7: 1260 daAuts
     D:1: 1254 daAuts
     D:9: 1167 daAuts
     D:3: 1087 daAuts
  Bailey: 1050 daAuts
     D:5: 971 daAuts
    D:10: 896 daAuts
     D:4: 843 daAuts
     D:8: 700 daAuts
     D:6: 614 daAuts
     D:2: 606 daAuts
    D:11: 582 daAuts
   IceCv: 360 daAuts
    D:12: 92 daAuts
  Temple: 18 daAuts
